 Dungeon Sprint DCSS version 0.31-a0-986-g5e6e4ef867 (webtiles) character file.

Game seed: 9542428575985173087

7660 rocky1 the Wrestler (level 10, -19/89 (98) HPs)
             Began as a Troll Shapeshifter on Nov 13, 2023.
             Was an Initiate of Gozag.
             Killed from afar by an orc sorcerer (36 damage)
             ... with a bolt of negative energy
             ... in the Dungeon (Sprint III: "The Ten Rune Challenge").
             The game lasted 00:06:31 (2450 turns).

rocky1 the Wrestler (Troll Shapeshifter)            Turns: 2450, Time: 00:06:32

HP:   -19/89 (98)   AC:  6    Str: 24    XL:     10   Next: 99%
MP:   9/9           EV: 10    Int: 10    God:    Gozag
Gold: 424           SH:  0    Dex:  9    Spells: 9/9 levels left

rFire   + +          .
                       - Unarmed
rCold   + . .        (shield currently unavailable)
rNeg    . . .        q - +0 robe {rF+}
rPois   +            (helmet restricted)
rElec   +            (no cloak)
rCorr   +            (gloves unavailable)
SInv    .            (boots unavailable)
Will    +....        (no amulet)
Stlth   +            (no ring)
HPRegen 1.14/turn    (no ring)
MPRegen 0.11/turn

%: no teleportation
@: flux-form, resistant, gold aura, enlightened, flying, glowing, drained,
invisible (but backlit and visible)
A: glow, contaminating, large, unfitting armour, claws 3, regeneration 1, shaggy
fur 1, tough skin 1, iridescent scales 1
a: Begin Untransformation, Renounce Religion, Potion Petition, Call Merchant,
Bribe Branch


You were in the Dungeon.
You worshipped Gozag.
Gozag was aware of your devotion.
You were something dangerously unstable.
You visited 1 branch You collected 2599 gold pieces.
You spent 458 gold pieces at shops.
You paid 1717 gold pieces to Gozag.

Inventory:

Missiles
 e - 6 javelins
 r - 7 curare-tipped darts
Armour
 a - a +0 animal skin
 q - a +0 robe of fire resistance (worn)
Talismans
 c - a beast talisman
 d - a flux talisman (active)
Scrolls
 j - 2 scrolls of blinking
 p - a scroll of revelation {unknown}
 t - a scroll of summoning
Potions
 g - a potion of haste
 h - 3 potions of magic
 i - a potion of berserk rage
 k - 3 potions of mutation
 n - a potion of cancellation {unknown}
 s - a potion of resistance
Miscellaneous
 b - a phial of floods


   Skills:
 * Level 6.2 Fighting
 - Level 2.2 Dodging
 - Level 1.1 Stealth
 * Level 22.1 Unarmed Combat
 + Level 11.4 Shapeshifting


You had 9 spell levels left.
You didn't know any spells.
Your spell library contained the following spells:

 Spells                   Type           Power      Damage    Failure   Level
 Sandblast                Erth           0%         2d4       36%         1
 Ensorcelled Hibernation  Hex/Ice        0%         N/A       50%         2
 Passwall                 Tmut/Erth      0%         N/A       50%         2
 Swiftness                Air            0%         N/A       75%         3
 Leda's Liquefaction      Hex/Erth       0%         N/A       98%         4
 Eringya's Noxious Bog    Tmut/Pois      0%         4d6       100%        6


Dungeon Overview and Level Annotations

Branches:
Dungeon (1/1)

Altars:
Cheibriados
Dithmenos
Elyvilon
Fedhas
Gozag
Hepliaklqana
Kikubaaqudgha
Makhleb
Nemelex Xobeh
Okawaru
Qazlal
Ru
Sif Muna
Trog
Uskayaw
Vehumet
Wu Jian
Xom
Yredelemnul
Zin
The Shining One
Jiyva
Lugonu

Shops:
D *


Innate Abilities, Weirdness & Mutations

You are something dangerously unstable.
You glow with magical radiation, making you easy to see and hit.
Foes you strike become dangerously contaminated with magical radiation.
You are incapable of wielding weapons or throwing items.
You are too large for most types of armour.
You have claws for hands.
Your natural rate of healing is unusually fast.
You are covered in fur. (AC +1)
You have tough skin. (AC +1)
You are partially covered in iridescent scales. (AC +2)


Message History

Okay, then. [a] - 406 gold - haste and brilliance [b] - 468 gold - resistance and invisibility [c] - 319 gold - curing and magic Purchase which effect?
You feel protected.
You become transparent, but the glow from your form prevents you from becoming completely invisible.
The orc warrior closely misses you.
You feel much better.
The orc knight is distracted by your dazzling golden aura.
The orc is distracted by your dazzling golden aura.
Unknown command.
You barely miss the orc sorcerer.
The orc sorcerer is heavily wounded.
The orc warrior hits you with a +0 hand axe!
* * * LOW HITPOINT WARNING * * *
The orc sorcerer barely misses you.
Unknown command.
You feel much better.
The orc warrior hits you with a +0 hand axe.
The orc sorcerer closely misses you.
The orc knight is distracted by your dazzling golden aura.
Unknown command.
You closely miss the orc sorcerer.
The orc sorcerer is heavily wounded.
The orc knight shouts! x2
You closely miss the orc sorcerer.
The orc sorcerer is heavily wounded.
You hear a shout!
The orc sorcerer hits you with a +0 dagger!
* * * LOW HITPOINT WARNING * * *
The orc warrior hits you with a +0 hand axe!
* * * LOW HITPOINT WARNING * * *
You claw the orc sorcerer!
The orc sorcerer begins to glow.
The orc sorcerer is severely wounded.
The orc is distracted by your dazzling golden aura.
The orc sorcerer gestures at you while chanting.
The bolt of negative energy hits you!!!
You feel drained.
You die...
Your body crumbles into a pile of gold.

▓▓▓ ▓▓ ▓ ♣.#############§○ ○#
♣♣.#___#___#__#§§##☼###
..#.).#__.#._#§☼ooo.○§
♣♣♣.###'#)###)##oo§ooo.§
.♣♣.#..........#oooooo§§
.♣..'.⌠........#p#
~...#...######'#○#
....#.⌠.#__#...#§################
....#...#__#...#§§§§~'§#.'...'.#.
....#)###__#...#○#§~§#.#.#...##.#
....#...#__#...○§#).§#.#)#...#.#.
....#___#__'...#§#§.§#).)#...##.#
▓▓▓▓▓▓▓▓▓▓▓▓▓▓▓▓▓▓▓▓▓▓▓▓▓▓▓▓▓#.#.
♣.....♣♣♣♣~~~........~~~...##.#


You could see 2 orc knights, an orc sorcerer (strong, contam), 4 orc warriors,
an orc wizard (strong) and 6 orcs.

Vanquished Creatures
  Harold (D)
  Josephine (D)
  A centaur warrior (D)
  Urug (D)
  Joseph (D)
  A lindwurm (D)
  A deep elf pyromancer (D)
  An unseen horror (D)
  2 cane toads (D)
  A rime drake (D)
  A komodo dragon (D)
  2 tyrant leeches (D)
  A shadow (D)
  3 redbacks (D)
  A spatial vortex (D)
  A swamp drake (D)
  2 centaurs (D)
  An earth elemental (D)
  A necrophage (D)
  A water elemental (D)
  3 wandering mushrooms (D)
  A jelly (D)
  An arcanist (D)
  A necromancer (D)
  3 humans (D)
  A kobold demonologist (D)
  A phantom (D)
  An endoplasm (D)
  3 rats (D)
40 creatures vanquished.

Vanquished Creatures (others)
  2 orcs (D)
2 creatures vanquished.

Grand Total: 42 creatures vanquished

Notes
Turn   | Place    | Note
-------+----------+-------------------------------------------
     0 | D        | rocky1 the Troll Shapeshifter began the quest for the Orb.
     0 | D        | Reached XP level 1. HP: 18/18 MP: 0/0
    46 | D        | Reached skill level 4 in Unarmed Combat
    46 | D        | Reached XP level 2. HP: 23/26 MP: 1/1
    61 | D        | Gained mutation: You are partially covered in iridescent
                  | scales. (AC +2) [potion of mutation]
   211 | D        | Noticed a water elemental
   223 | D        | Killed a water elemental
   224 | D        | Reached skill level 1 in Fighting
   224 | D        | Reached skill level 6 in Unarmed Combat
   224 | D        | Reached skill level 5 in Shapeshifting
   224 | D        | Reached XP level 3. HP: 26/33 MP: 2/2
   224 | D        | Reached XP level 4. HP: 32/41 MP: 3/3
   353 | D        | Found a radiant altar of Vehumet.
   353 | D        | Found a shimmering blue altar of Sif Muna.
   353 | D        | Found an ancient bone altar of Kikubaaqudgha.
   353 | D        | Noticed an arcanist
   355 | D        | Noticed a chaos spawn
   356 | D        | Killed an arcanist
   357 | D        | Reached skill level 7 in Unarmed Combat
   363 | D        | Noticed an ice devil
   367 | D        | Got the Precepts of Glowing Terra Firma
   495 | D        | Reached skill level 8 in Unarmed Combat
   495 | D        | Reached XP level 5. HP: 39/48 MP: 4/4
   606 | D        | Noticed a shadow
   611 | D        | Killed a shadow
   612 | D        | Reached skill level 10 in Unarmed Combat
   612 | D        | Reached XP level 6. HP: 57/57 MP: 5/5
   719 | D        | Found a blossoming altar of Fedhas.
   719 | D        | Found a stormy altar of Qazlal.
   719 | D        | Found a snail-covered altar of Cheibriados.
   719 | D        | Found a burning altar of Makhleb.
   719 | D        | Found a shimmering altar of Xom.
   719 | D        | Noticed a spatial vortex
   720 | D        | Found a hazy altar of Hepliaklqana.
   720 | D        | Found an opulent altar of Gozag.
   720 | D        | Found a sparkling altar of Nemelex Xobeh.
   720 | D        | Found a corrupted altar of Lugonu.
   720 | D        | Found a viscous altar of Jiyva.
   724 | D        | Became a worshipper of Gozag Ym Sagoz the Greedy
   730 | D        | Killed a spatial vortex
   731 | D        | Reached skill level 11 in Unarmed Combat
   764 | D        | Found a basalt altar of Yredelemnul.
   764 | D        | Found a shadowy altar of Dithmenos.
   764 | D        | Found a sacrificial altar of Ru.
   772 | D        | Reached skill level 12 in Unarmed Combat
   884 | D        | Found a hide-covered altar of Uskayaw.
   884 | D        | Found an iron altar of Okawaru.
   884 | D        | Found a bloodstained altar of Trog.
   884 | D        | Found an ornate altar of the Wu Jian Council.
   884 | D        | Noticed a human
   885 | D        | Noticed a human
   888 | D        | Killed a human
   889 | D        | Reached XP level 7. HP: 64/66 MP: 6/6
   892 | D        | Killed a human
   893 | D        | Reached skill level 13 in Unarmed Combat
   924 | D        | Found a glowing silver altar of Zin.
   924 | D        | Found a glowing golden altar of the Shining One.
   924 | D        | Found a white marble altar of Elyvilon.
   924 | D        | Noticed a deep elf pyromancer
   931 | D        | Killed a deep elf pyromancer
   932 | D        | Reached skill level 1 in Stealth
   932 | D        | Reached skill level 14 in Unarmed Combat
   932 | D        | Reached XP level 8. HP: 38/75 MP: 7/7
   985 | D        | Noticed Josephine
   994 | D        | Killed Josephine
   995 | D        | Reached skill level 16 in Unarmed Combat
  1147 | D        | Noticed a centaur warrior
  1154 | D        | Killed a centaur warrior
  1155 | D        | Reached skill level 17 in Unarmed Combat
  1155 | D        | Reached skill level 10 in Shapeshifting
  1155 | D        | Reached XP level 9. HP: 53/84 MP: 8/8
  1168 | D        | Reached skill level 18 in Unarmed Combat
  1326 | D        | Noticed an unseen horror
  1331 | D        | Killed an unseen horror
  1342 | D        | Noticed Harold
  1342 | D        | Noticed Joseph
  1354 | D        | Killed Joseph
  1362 | D        | Killed Harold
  1363 | D        | Reached skill level 19 in Unarmed Combat
  1363 | D        | Reached XP level 10. HP: 20/94 MP: 9/9
  1603 | D        | Reached skill level 20 in Unarmed Combat
  1615 | D        | Reached skill level 5 in Fighting
  1757 | D        | Noticed a cane toad
  1757 | D        | Noticed a cane toad
  1760 | D        | Killed a cane toad
  1763 | D        | Killed a cane toad
  1802 | D        | Reached skill level 21 in Unarmed Combat
  1912 | D        | Bought a potion of resistance for 170 gold pieces
  1912 | D        | Bought a scroll of summoning for 161 gold pieces
  1912 | D        | Bought a scroll of blinking for 127 gold pieces
  2292 | D        | Noticed a lindwurm
  2296 | D        | Killed a lindwurm
  2321 | D        | Noticed Urug
  2329 | D        | Killed Urug
  2330 | D        | Reached skill level 22 in Unarmed Combat
  2437 | D        | Noticed an orc knight
  2439 | D        | Noticed an orc sorcerer
  2439 | D        | Noticed an orc knight
  2450 | D        | Killed from afar by an orc sorcerer

Illustrated notes

Levels and vault maps discovered:
D:        dungeon_sprint_mu [sprint_mu_entry_forest, sprint_mu_temple_rooms,
          sprint_mu_d1_horrors, sprint_mu_d2_genie, sprint_mu_d3_branching,
          sprint_mu_orc_legion, sprint_mu_elf_gauntlet, sprint_mu_hive_nellie,
          sprint_mu_lair_fedhas, sprint_mu_vaults_butterflies,
          sprint_mu_slime_circle, sprint_mu_swamp_cave, sprint_mu_snake_twists,
          sprint_mu_blade_basic, sprint_mu_crypt_lich, sprint_mu_tomb_spiral,
          sprint_mu_vestibule_basic, sprint_mu_gehenna_hellfire,
          sprint_mu_dis_giant, sprint_mu_tartarus_statrot,
          sprint_mu_cocytus_islands, sprint_mu_zot1]

Skill      XL: |  1  2  3  4  5  6  7  8  9 10 |
---------------+-------------------------------+-----
Unarmed Combat | 4 6 8 10 12 14 17 19 22 | 22.1
Dodging        | 2 |  2.2
Shapeshifting  | 5 6 7 8 9 10 11 | 11.4
Fighting       | 1 2 3 4 6 |  6.2
Stealth        | 1 |  1.1

Action                     |  1- 3 |  4- 6 |  7- 9 | 10-12 || total
---------------------------+-------+-------+-------+-------++-------
  Melee: Unarmed           |    35 |    34 |    53 |    63 ||   185
         Punch             |     2 |     1 |       |       ||     3
 Invoke: Potion Petition   |       |       |       |     3 ||     3
         Call Merchant     |       |       |       |     1 ||     1
    Use: Potion            |     2 |       |     1 |     4 ||     7
         Scroll            |       |       |       |     3 ||     3
   Stab: Confused          |       |       |       |     2 ||     2
 Armour: Animal skin       |    13 |    12 |     6 |       ||    31
         Skin              |     8 |       |       |       ||     8
         Robe              |       |       |    37 |    48 ||    85
  Dodge: Dodged            |     8 |     6 |    16 |    21 ||    51
   Form: Flux              |       |     1 |       |     1 ||     2
         Beast             |       |       |       |     1 ||     1

Table legend: (Time is in decaauts)
 A = Elapsed time spent in this place.
 B = Non-inter-level travel time spent in this place.
 C = Inter-level travel time spent in this place.
 D = Time resting spent in this place.
 E = Time spent auto-exploring this place.
 F = Levels seen in this place.
 G = Mean time per level.
                   A        B        C        D        E       F      G
               +--------+--------+--------+--------+--------+-----+--------+
         Total |   2401 |   2342 |     59 |   1726 |      0 |   1 | 2401.0 |
       Dungeon |   2401 |   2342 |     59 |   1726 |      0 |   1 | 2401.0 |
               +--------+--------+--------+--------+--------+-----+--------+

Top non-repeatable levels by time:
       D: 2401 daAuts
